 Dungeon Sprint DCSS version 0.28-a0-883-gc8d7bad45d (webtiles) character file.

Game seed: 10526470686785054134

133 mhtbhm the Skirmisher (level 4, -9/47 HPs)
             Began as a Minotaur Fighter on Nov 21, 2021.
             Was an Initiate of Gozag.
             Mangled by a two-headed ogre (25 damage)
             ... in the Dungeon (Sprint IX: "|||||||||||||||||||||||||||||").
             The game lasted 00:00:39 (288 turns).

mhtbhm the Skirmisher (Minotaur Fighter)             Turns: 288, Time: 00:00:40

Health: -9/47      AC: 13    Str: 22    XL:     4   Next: 94%
Magic:  3/3        EV: 10    Int:  5    God:    Gozag
Gold:   0          SH:  5    Dex:  9    Spells: 3/3 levels left

rFire   . . .      SeeInvis .   a - +0 flail
rCold   . . .      Faith    .   c - +0 buckler
rNeg    . . .      Spirit   .   b - +2 ring mail
rPois   .          Reflect  .   (helmet restricted)
rElec   .          Harm     .   (no cloak)
rCorr   .          Rampage  .   (no gloves)
Will    .....      NoTele   +   m - +0 pair of boots
Stlth   +.........              (no amulet)
HPRegen 0.15/turn               n - +2 ring of protection
MPRegen 0.08/turn               o - +2 ring of protection

@: gold aura, invisible
A: horns 2, retaliatory headbutt
a: Renounce Religion, Potion Petition, Call Merchant, Bribe Branch


You were in the Dungeon.
You worshipped Gozag.
Gozag was noncommittal.
You visited 1 branch

Inventory:

Hand Weapons
 a - a +0 flail (weapon)
Armour
 b - a +2 ring mail (worn)
 c - a +0 buckler (worn)
 m - a +0 pair of boots (worn)
Jewellery
 n - a +2 ring of protection (left hand)
 o - a +2 ring of protection (right hand)
Wands
 l - a wand of acid (10)
Scrolls
 j - 2 scrolls of blinking
 k - 2 scrolls of amnesia
Potions
 d - a potion of might
 e - 5 potions of curing
 f - 3 potions of heal wounds
 g - a potion of haste
 h - 4 potions of magic


   Skills:
 + Level 7.2 Fighting
 + Level 5.8 Maces & Flails
 + Level 6.8 Armour
 + Level 0.6 Stealth
 + Level 7.0 Shields


You had 3 spell levels left.
You didn't know any spells.
Your spell library was empty.

Dungeon Overview and Level Annotations

Branches:
Dungeon (1/1)

Altars:
Cheibriados
Dithmenos
Elyvilon
Fedhas
Gozag
Hepliaklqana
Kikubaaqudgha
Makhleb
Nemelex Xobeh
Okawaru
Qazlal
Ru
Sif Muna
Trog
Uskayaw
Vehumet
Wu Jian
Xom
Yredelemnul
Zin
The Shining One
Beogh
Jiyva
Lugonu


Innate Abilities, Weirdness & Mutations

You have a pair of horns on your head.
You reflexively headbutt those who attack you in melee.


Message History

You continue putting on your +0 pair of boots. x4
You finish putting on your +0 pair of boots.
Drop what? 13/52 slots (_ for help) (? for menu, Esc to quit)
You start removing your armour.
You continue taking off your +0 scale mail. x4
You finish taking off your +0 scale mail.
You drop a +0 scale mail.
You see here a +2 ring mail.
b - a +2 ring mail You start putting on your armour.
You continue putting on your +2 ring mail. x4
You finish putting on your +2 ring mail.
n - a +2 ring of protection
o - a +2 ring of protection
n - a +2 ring of protection (left hand)
o - a +2 ring of protection (right hand)
You open the door.
An acid dragon, a gnoll shaman, a two-headed ogre, 2 zombies and a howler monkey come into view.
The two-headed ogre shouts in stereo!
The gnoll shaman shouts!
The acid dragon roars!
The bat zombie barely misses you.
The howler monkey hoots and howls with incredible vigour!
The bat zombie hits you but does no damage.
You hear a shout!
You thump the bat zombie!
You destroy the bat zombie!
You fade into invisibility!
The two-headed ogre barely misses you. You block the two-headed ogre's attack.
You barely miss the two-headed ogre. You block the two-headed ogre's attack.
The two-headed ogre misses you.
You barely miss the two-headed ogre. The two-headed ogre closely misses you.
The two-headed ogre hits you with a +0 giant club!!
Ouch! That really hurt!
You hit the two-headed ogre.
The two-headed ogre is lightly wounded.
The two-headed ogre hits you with a +0 giant club.
The two-headed ogre hits you with a +0 giant club!!
Ouch! That really hurt!
You die...
Your body crumbles into a pile of gold. ▓▓▓▓▓▓▓▓▓▓▓▓▓▓▓▓▓▓▓▓▓▓▓▓ _______'..).[[..@OhgDZ.. ▓▓▓▓▓▓▓▓▓▓▓▓▓▓▓▓▓▓▓▓▓▓▓▓ $ $ $$$$$$ $$$$$ $ $ $ $$$$$

You could see a two-headed ogre, an acid dragon, a gnoll shaman, a howler monkey and a ball python zombie.

Vanquished Creatures
  An ogre (D)
  4 adders (D)
  A gnoll (D)
  A bat zombie (D)
  A giant cockroach (D)
  A hobgoblin (D)
  A quokka (D)
  A rat (D)
11 creatures vanquished.

Notes
Turn   | Place    | Note
-------+----------+-------------------------------------------
     0 | D        | mhtbhm the Minotaur Fighter began the quest for the Orb.
     0 | D        | Reached XP level 1. HP: 19/19 MP: 0/0
    10 | D        | Reached XP level 2. HP: 12/28 MP: 1/1
   189 | D        | Noticed an ogre
   195 | D        | Reached skill level 5 in Fighting
   195 | D        | Reached skill level 5 in Armour
   195 | D        | Reached skill level 5 in Shields
   200 | D        | Reached XP level 3. HP: 36/36 MP: 2/2
   203 | D        | Killed an ogre
   204 | D        | Reached skill level 5 in Maces & Flails
   204 | D        | Reached XP level 4. HP: 47/47 MP: 3/3
   212 | D        | Found a snail-covered altar of Cheibriados.
   212 | D        | Found a shadowy altar of Dithmenos.
   212 | D        | Found a white marble altar of Elyvilon.
   212 | D        | Found a blossoming altar of Fedhas.
   212 | D        | Found an opulent altar of Gozag.
   213 | D        | Found a hazy altar of Hepliaklqana.
   214 | D        | Found a viscous altar of Jiyva.
   215 | D        | Found an ancient bone altar of Kikubaaqudgha.
   216 | D        | Found a corrupted altar of Lugonu.
   217 | D        | Found a burning altar of Makhleb.
   218 | D        | Found a sparkling altar of Nemelex Xobeh.
   219 | D        | Found an iron altar of Okawaru.
   220 | D        | Found a stormy altar of Qazlal.
   221 | D        | Found a sacrificial altar of Ru.
   222 | D        | Found a shimmering blue altar of Sif Muna.
   223 | D        | Found a bloodstained altar of Trog.
   228 | D        | Became a worshipper of Gozag Ym Sagoz the Greedy
   233 | D        | Found a hide-covered altar of Uskayaw.
   234 | D        | Found a radiant altar of Vehumet.
   235 | D        | Found an ornate altar of the Wu Jian Council.
   236 | D        | Found a shimmering altar of Xom.
   237 | D        | Found a basalt altar of Yredelemnul.
   238 | D        | Found a glowing silver altar of Zin.
   239 | D        | Found a glowing golden altar of the Shining One.
   283 | D        | Noticed a two-headed ogre
   283 | D        | Noticed an acid dragon
   288 | D        | Mangled by a two-headed ogre

Illustrated notes

Levels and vault maps discovered:
D:        linesprint [early_d, line_temple, items_1, d_10, items_2, lair_1,
          lair_end, items_3, orc_1, orc_end, items_4, d_15, swamp_1, shoals_1,
          snake_1, spider_1, d_20, vaults_1, items_5, swamp_end, shoals_end,
          snake_end, spider_end, vaults_end, d_27, items_6, zot_1, zot_end,
          crypt_end, forest_end, elf_end, slime_end, tomb_end, abyss_end,
          pan_hell_end]

Skill      XL: |  1  2  3  4 |
---------------+-------------+-----
Fighting       | 4 5 7 |  7.2
Armour         | 4 5 6 |  6.8
Shields        | 4 5 6 7 |  7.0
Maces & Flails | 3 5 |  5.8
Stealth        | |  0.6

Action                   |  1- 3 |  4- 6 || total
-------------------------+-------+-------++-------
Melee: Flail             |    23 |     7 ||    30
       Headbutt          |     1 |     1 ||     2
  Use: Potion            |     1 |     1 ||     2
Armor: Scale mail        |     4 |     1 ||     5
       Ring mail         |       |     1 ||     1
Dodge: Dodged            |     9 |     4 ||    13
Block: Buckler           |     7 |     3 ||    10

Table legend: (Time is in decaauts)
 A = Elapsed time spent in this place.
 B = Non-inter-level travel time spent in this place.
 C = Inter-level travel time spent in this place.
 D = Time resting spent in this place.
 E = Time spent auto-exploring this place.
 F = Levels seen in this place.
 G = Mean time per level.
                   A        B        C        D        E       F      G
               +--------+--------+--------+--------+--------+-----+--------+
         Total |    298 |    298 |      0 |    168 |      3 |   1 |  298.0 |
       Dungeon |    298 |    298 |      0 |    168 |      3 |   1 |  298.0 |
               +--------+--------+--------+--------+--------+-----+--------+

Top non-repeatable levels by time:
       D: 298 daAuts
